[Event "ICC tourney 2772 (25 5)"]
[Site "Internet Chess Club"]
[Date "2021.12.19"]
[Round "2"]
[White "Bapuram, Aadya:AadyaB"]
[Black "Gomorev, Tim:timmygm"]
[Result "0-1"]
[ICCResult "White resigns"]
[WhiteElo "345"]
[BlackElo "801"]
[Opening "Sicilian defense"]
[ECO "B20"]
[NIC "SI.48"]
[Time "12:31:30"]
[PlyCount "48"]
[TimeControl "1500+5"]

1. e4 c5 2. Bc4 d6 3. h3 Nf6 4. Nc3 g6 5. d3 Bg7 6. Bg5 O-O 7. Nf3 Nc6 8.
Qe2 a6 9. a4 Bd7 10. O-O Nb4 11. Bxf6 Bxf6 12. Nd5 Nxd5 13. Bxd5 Rb8 14. Nd2
b5 15. axb5 axb5 16. c4 b4 17. Ra6 Bxb2 18. Qf3 Qc8 19. Qg3 Qxa6 20. Nf3 Qa3
21. Qh4 Bf6 22. Qh6 Bg7 23. Qh4 e6 24. Ng5 h6 {White resigns} 0-1

[Event "ICC tourney 2772 (25 5)"]
[Site "Internet Chess Club"]
[Date "2021.12.19"]
[Round "2"]
[White "BHARGAVA, SAARTH:bsaarth"]
[Black "LI, KATE LEYI:kately"]
[Result "1-0"]
[ICCResult "Black checkmated"]
[WhiteElo "952"]
[BlackElo "417"]
[Opening "King's pawn game"]
[ECO "C50"]
[NIC "IG.03"]
[Time "12:31:32"]
[PlyCount "49"]
[TimeControl "1500+5"]

1. e4 e5 2. Nf3 Nc6 3. Bc4 d6 4. h3 Qf6 5. Nc3 Be6 6. Bb3 Bxb3 7. axb3 Nd4
8. Nxd4 exd4 9. Nd5 Qd8 10. O-O Nf6 11. Re1 Nxd5 12. exd5+ Be7 13. d3 O-O
14. Bf4 g5 15. Qg4 h6 16. h4 Bf6 17. f3 Re8 18. Kf2 Rxe1 19. Rxe1 Kh7 20.
Qf5+ Kg7 21. hxg5 hxg5 22. Bd2 Qh8 23. Bxg5 Qh7 24. Bxf6+ Kh6 25. Rh1#
{Black checkmated}
1-0

[Event "ICC tourney 2772 (25 5)"]
[Site "Internet Chess Club"]
[Date "2021.12.19"]
[Round "2"]
[White "ORSZAG, JAKE SPENCER:JakeOrszag"]
[Black "BYSIEK, SYLVIA GRACE:SylviaGrace"]
[Result "1-0"]
[ICCResult "Black checkmated"]
[WhiteElo "397"]
[BlackElo "743"]
[Opening "two knights defense: Ulvestad variation"]
[ECO "C57"]
[NIC "KP.01"]
[Time "12:31:32"]
[PlyCount "59"]
[TimeControl "1500+5"]

1. e4 e5 2. Nf3 Nc6 3. Bc4 Nf6 4. Ng5 d5 5. exd5 b5 6. Bxb5 Qxd5 7. Bxc6+
Qxc6 8. O-O Bc5 9. Qf3 e4 10. Qe2 O-O 11. Nc3 Bg4 12. Qb5 Qd6 13. Ncxe4 Rfe8
14. Nxd6 Bxd6 15. Qc6 Re5 16. Qc4 Rxg5 17. d3 Bf3 18. Bxg5 Be2 19. Rfe1 Bh5
20. Bxf6 gxf6 21. Qh4 Bg6 22. Qg4 Rb8 23. Rab1 Rb4 24. Qc8+ Kg7 25. Re8 Rh4
26. g3 Rg4 27. Rg8+ Kh6 28. Qxg4 f5 29. Qh4+ Bh5 30. Qg5# {Black checkmated}
1-0

[Event "ICC tourney 2772 (25 5)"]
[Site "Internet Chess Club"]
[Date "2021.12.19"]
[Round "2"]
[White "WONG OKYERE, DARWIN  CAIUS:spicycanvas"]
[Black "KOGAN, JONATHAN:jkshark"]
[Result "0-1"]
[ICCResult "White checkmated"]
[WhiteElo "836"]
[BlackElo "519"]
[Opening "Queen's pawn: Chigorin variation"]
[ECO "D00"]
[NIC "QP.08"]
[Time "12:31:31"]
[PlyCount "58"]
[TimeControl "1500+5"]

1. d4 d5 2. Nc3 c5 3. e3 Nc6 4. Nf3 e6 5. Bb5 Bd7 6. Bxc6 Bxc6 7. Bd2 Nf6 8.
O-O Bd6 9. Re1 O-O 10. Ne5 Re8 11. e4 cxd4 12. Ne2 Bxe5 13. Ng3 dxe4 14. Nh5
Nxh5 15. Qxh5 h6 16. Qg4 Rc8 17. f4 Bf6 18. c3 dxc3 19. Bxc3 Bxc3 20. Red1
Bd5 21. bxc3 Rxc3 22. Rac1 Rxc1 23. Rxc1 Qa5 24. f5 exf5 25. Qxf5 e3 26. Qg4
e2 27. Qg3 e1=Q+ 28. Rxe1 Rxe1+ 29. Kf2 Qd2# {White checkmated} 0-1

[Event "ICC tourney 2772 (25 5)"]
[Site "Internet Chess Club"]
[Date "2021.12.19"]
[Round "2"]
[White "VIJEYANANDH, VISHNU:vishnuvijey"]
[Black "BYSIEK, JULIANA RENEE:JulianaRenee"]
[Result "1-0"]
[ICCResult "Black checkmated"]
[WhiteElo "393"]
[BlackElo "729"]
[Opening "Giuoco Pianissimo: Italian four knights variation"]
[ECO "C55"]
[NIC "IG.01"]
[Time "12:31:32"]
[PlyCount "39"]
[TimeControl "1500+5"]

1. e4 e5 2. Nf3 Nc6 3. Bc4 Nf6 4. Nc3 Bc5 5. d3 d6 6. h3 O-O 7. Bg5 h6 8.
Bh4 a6 9. O-O b5 10. Bd5 Bb7 11. Qd2 b4 12. Ne2 Rb8 13. c3 bxc3 14. bxc3 Ne7
15. Bxf6 gxf6 16. Bxb7 Rxb7 17. Qxh6 Ng6 18. Ng3 f5 19. Nh5 fxe4 20. Qg7#
{Black checkmated}
1-0

[Event "ICC tourney 2772 (25 5)"]
[Site "Internet Chess Club"]
[Date "2021.12.19"]
[Round "2"]
[White "CHADHA, MILAN DEV:MilanChadha"]
[Black "CHEN, WINSTON:wcsja"]
[Result "0-1"]
[ICCResult "White checkmated"]
[WhiteElo "564"]
[BlackElo "864"]
[Opening "Scotch: Göring gambit"]
[ECO "C44"]
[NIC "SO.06"]
[Time "12:32:14"]
[PlyCount "134"]
[TimeControl "1500+5"]

1. e4 e5 2. Nf3 Nc6 3. d4 exd4 4. c3 Nf6 5. e5 Nd5 6. cxd4 Bb4+ 7. Nc3 Nxc3
8. bxc3 Bxc3+ 9. Bd2 Bxa1 10. Qxa1 O-O 11. Bd3 d6 12. exd6 Re8+ 13. Be3 cxd6
14. O-O Bg4 15. Qd1 Qf6 16. Be2 Ne7 17. h3 Bh5 18. Bg5 Qg6 19. Nh4 Bxe2 20.
Qxe2 Qxg5 21. Qg4 Qxg4 22. hxg4 Nc6 23. Nf5 d5 24. Nd6 Re4 25. Nxe4 dxe4 26.
d5 Nb4 27. Rd1 Rd8 28. d6 Nxa2 29. f3 exf3 30. gxf3 b5 31. Re1 h6 32. Re7
Kh7 33. Rxa7 Rxd6 34. Rxa2 b4 35. Rb2 Rb6 36. Kg2 Kg6 37. Kg3 Kf6 38. f4 Ke6
39. Kh4 g6 40. g5 hxg5+ 41. fxg5 Kf5 42. Kg3 Kxg5 43. Kf3 Kf5 44. Ke3 Ke5
45. Kd3 Kd5 46. Kc2 f5 47. Kb3 g5 48. Ka4 Kc5 49. Ka5 f4 50. Rb3 g4 51. Rb2
f3 52. Rb3 f2 53. Rb1 g3 54. Rf1 g2 55. Rxf2 g1=Q 56. Rf5+ Kc4 57. Rf4+ Qd4
58. Rf5 Qd5+ 59. Rxd5 Kxd5 60. Kxb6 b3 61. Kb5 b2 62. Kb4 b1=Q+ 63. Ka5 Qb3
64. Ka6 Qb4 65. Ka7 Qb5 66. Ka8 Kc6 67. Ka7 Qb7# {White checkmated} 0-1

[Event "ICC tourney 2772 (25 5)"]
[Site "Internet Chess Club"]
[Date "2021.12.19"]
[Round "2"]
[White "ALKIN, IDO:alkini"]
[Black "MILCHEVSKIY, TIMOTHY:TimothyPM"]
[Result "1-0"]
[ICCResult "Black checkmated"]
[WhiteElo "989"]
[BlackElo "714"]
[Opening "Sicilian: Marshall variation"]
[ECO "B41"]
[NIC "SI.43"]
[Time "12:31:28"]
[PlyCount "109"]
[TimeControl "1500+5"]

1. e4 c5 2. Nf3 e6 3. d4 d5 4. Bb5+ Nc6 5. Nc3 dxe4 6. Nxe4 cxd4 7. Nxd4 Bd7
8. Bxc6 Bxc6 9. Nxc6 Qxd1+ 10. Kxd1 bxc6 11. Ke2 Bb4 12. b3 Ne7 13. Bb2 O-O
14. a3 Ba5 15. b4 Bb6 16. Rhd1 Nf5 17. g4 Ne7 18. Rd7 Nd5 19. c4 Nf4+ 20.
Kf3 Ng6 21. Ng5 h6 22. Ne4 c5 23. bxc5 Ba5 24. Rdd1 Rab8 25. Bc3 Bxc3 26.
Nxc3 Ne5+ 27. Kf4 Nxc4 28. Rd4 Na5 29. Rb4 Nc6 30. Rbb1 g5+ 31. Ke3 a5 32.
a4 Nb4 33. Rc1 Rfc8 34. Na2 Nd5+ 35. Kd4 Nf4 36. Nc3 Rb3 37. Rcb1 e5+ 38.
Kc4 Rxb1 39. Rxb1 Kg7 40. Rb5 Ra8 41. Nd5 Nxd5 42. Kxd5 Kf6 43. Rb6+ Ke7 44.
Kxe5 f6+ 45. Rxf6 Rc8 46. Re6+ Kf7 47. Kd5 Rb8 48. Rxh6 Rb4 49. c6 Rxa4 50.
c7 Ra2 51. c8=Q Kg7 52. Qh8+ Kf7 53. Rf6+ Ke7 54. Qf8+ Kd7 55. Rf7#
{Black checkmated}
1-0

[Event "ICC tourney 2772 (25 5)"]
[Site "Internet Chess Club"]
[Date "2021.12.19"]
[Round "2"]
[White "Bhowmick, Ishaan:ishu13"]
[Black "HECHT, HENRY:Henhec1001"]
[Result "1-0"]
[ICCResult "Black resigns"]
[WhiteElo "703"]
[BlackElo "988"]
[Opening "Queen's pawn: London system"]
[ECO "A45"]
[NIC "QP.05"]
[Time "12:31:23"]
[PlyCount "65"]
[TimeControl "1500+5"]

1. d4 Nf6 2. Bf4 e6 3. Nf3 c5 4. c3 Nc6 5. e3 d5 6. Bd3 Bd6 7. Bxd6 Qxd6 8.
Nbd2 c4 9. Bc2 e5 10. dxe5 Nxe5 11. Nxe5 Qxe5 12. Nf3 Qc7 13. h3 h6 14. O-O
O-O 15. Re1 Rd8 16. Qe2 b5 17. a3 Ne4 18. Nd4 a6 19. f3 Ng3 20. Qf2 Nh5 21.
e4 Bb7 22. exd5 Bxd5 23. Qh4 Nf4 24. Qg4 Re8 25. Nf5 Rxe1+ 26. Rxe1 Ng6 27.
Qd4 Qa7 28. Qxa7 Rxa7 29. Re8+ Kh7 30. Ne7 Rd7 31. Bf5 Be6 32. Nxg6 Bxf5 33.
Nf8+ {Black resigns} 1-0

[Event "ICC tourney 2772 (25 5)"]
[Site "Internet Chess Club"]
[Date "2021.12.19"]
[Round "2"]
[White "HARTSEL, AUGUST:augustha"]
[Black "SINGH, JIYAN:mithu542"]
[Result "0-1"]
[ICCResult "White checkmated"]
[WhiteElo "925"]
[BlackElo "652"]
[Opening "English opening"]
[ECO "A20"]
[NIC "EO.24"]
[Time "12:31:31"]
[PlyCount "116"]
[TimeControl "1500+5"]

1. c4 e5 2. g3 Nf6 3. Bg2 Nc6 4. Nc3 Bb4 5. e3 O-O 6. Nge2 d6 7. O-O Be6 8.
Nd5 Bc5 9. b3 Nb4 10. Nxb4 Bxb4 11. Bxb7 Rb8 12. Bg2 d5 13. cxd5 Bxd5 14.
Bb2 Re8 15. Rc1 Bxg2 16. Kxg2 Bxd2 17. Rc2 Ba5 18. Qxd8 Rbxd8 19. Rcc1 Rd2
20. Bxe5 Rxe5 21. Nd4 Rxe3 22. Rcd1 Red3 23. Rxd2 Rxd2 24. Nc6 Bb6 25. Kh3
Rxf2 26. Rd1 h6 27. Rd8+ Kh7 28. Ne5 c6 29. Rf8 Ne4 30. Nxf7 Nd6 31. Ng5+
hxg5 32. Rxf2 Bxf2 33. Kg4 Bg1 34. Kxg5 Bxh2 35. g4 Ne4+ 36. Kf5 Nc3 37. g5
Nxa2 38. Kg4 c5 39. Kh5 a5 40. g6+ Kg8 41. Kg5 a4 42. bxa4 c4 43. Kf5 c3 44.
Ke4 c2 45. Kd3 c1=Q 46. Kd4 Qa3 47. Kc4 Qxa4+ 48. Kd3 Kf8 49. Kd2 Qb3 50.
Ke2 Qc3 51. Kd1 Qb2 52. Ke1 Qc2 53. Kf1 Ke7 54. Ke1 Ke6 55. Kf1 Ke5 56. Ke1
Ke4 57. Kf1 Ke3 58. Ke1 Qe2# {White checkmated} 0-1

[Event "ICC tourney 2772 (25 5)"]
[Site "Internet Chess Club"]
[Date "2021.12.19"]
[Round "2"]
[White "WU, DARREN:chessboy111"]
[Black "TUDORACHE, CRISTIAN DUMITRU:K03-17327536"]
[Result "1/2-1/2"]
[ICCResult "Game drawn because neither player has mating material"]
[WhiteElo "724"]
[BlackElo "997"]
[Opening "Pirc: classical (two knights) system"]
[ECO "B06"]
[NIC "PU.10"]
[Time "12:31:23"]
[PlyCount "142"]
[TimeControl "1500+5"]

1. e4 g6 2. d4 Bg7 3. Nf3 d6 4. Nc3 Nf6 5. Bd3 Nc6 6. h3 e5 7. d5 Ne7 8. Be3
c6 9. Bc4 c5 10. O-O a6 11. a3 Bd7 12. Qd2 O-O 13. Bh6 Qc8 14. Bxg7 Kxg7 15.
Kh2 b5 16. Ba2 c4 17. Qg5 h6 18. Qe3 Bg4 19. Kh1 Bxh3 20. gxh3 Qxh3+ 21. Nh2
Qh5 22. Qf3 Qxf3+ 23. Nxf3 Nh5 24. Ne2 Nf4 25. Nxf4 exf4 26. b3 c3 27. a4 b4
28. Rad1 Rfd8 29. Rd4 f6 30. Rxb4 a5 31. Rc4 Rac8 32. Rxc8 Rxc8 33. Rd1 g5
34. Nd4 Kg6 35. Ne6 h5 36. Rg1 h4 37. Nxf4+ Kh6 38. Ne6 Ng6 39. f3 Nf8 40.
Nxf8 Rxf8 41. Rd1 Kh5 42. Rd3 Rc8 43. Kg1 g4 44. fxg4+ Kxg4 45. Kg2 Kf4 46.
Rh3 Kxe4 47. Rxh4+ Kxd5 48. b4+ Ke5 49. bxa5 d5 50. Rh5+ f5 51. a6 Ra8 52.
Rh6 Ra7 53. a5 d4 54. Bc4 Kf4 55. Rh4+ Kg5 56. Rxd4 Kf6 57. Rd3 Ke5 58. Rxc3
Kd4 59. Rb3 Kxc4 60. Kf3 Rxa6 61. Ra3 Kb4 62. Ra1 Rxa5 63. Rb1+ Kc3 64. Rc1
Ra4 65. Ke2 Rd4 66. Rd1 Rxd1 67. Kxd1 f4 68. Ke2 f3+ 69. Kd1 f2 70. Ke2
f1=Q+ 71. Kxf1 Kxc2 {Game drawn because neither player has mating material}
1/2-1/2

[Event "ICC tourney 2772 (25 5)"]
[Site "Internet Chess Club"]
[Date "2021.12.19"]
[Round "2"]
[White "MAZUR, HUDSON:hmnyc"]
[Black "SHRIRAM , RISHABH:rcastleking"]
[Result "1-0"]
[ICCResult "Black checkmated"]
[WhiteElo "752"]
[BlackElo "398"]
[Opening "Giuoco Piano"]
[ECO "C54"]
[NIC "IG.02"]
[Time "12:32:14"]
[PlyCount "101"]
[TimeControl "1500+5"]

1. e4 e5 2. Nf3 Nc6 3. Bc4 Bc5 4. c3 Nf6 5. d4 Bb6 6. d5 Na5 7. Bd3 O-O 8.
b4 Ng4 9. O-O Re8 10. bxa5 Bxa5 11. Bb2 d6 12. Bb5 Re7 13. h3 Nf6 14. Nbd2
Bd7 15. Bxd7 Qxd7 16. Qe2 b5 17. Rad1 Rb8 18. Nb3 Bb6 19. Bc1 Nxe4 20. Qxe4
f5 21. Qe2 e4 22. Nfd4 Rbe8 23. Be3 Rf7 24. Ne6 Bxe3 25. fxe3 c6 26. Nf4
cxd5 27. Rxd5 Qb7 28. Rxb5 Qa6 29. Ra5 Qxe2 30. Nxe2 Ra8 31. Raxf5 Raf8 32.
Rxf7 Rxf7 33. Rxf7 Kxf7 34. Kf2 g6 35. Kg3 Kf6 36. Kf4 d5 37. h4 h5 38. Nbd4
a5 39. Ng3 a4 40. Nxe4+ dxe4 41. Kxe4 g5 42. hxg5+ Kxg5 43. Kf3 h4 44. c4
Kh5 45. c5 Kg5 46. c6 Kh5 47. c7 Kg5 48. c8=Q Kh5 49. Qg4+ Kh6 50. Nf5+ Kh7
51. Qg7# {Black checkmated} 1-0

[Event "ICC tourney 2772 (25 5)"]
[Site "Internet Chess Club"]
[Date "2021.12.19"]
[Round "2"]
[White "HANEGBY, MIKA:Malca30"]
[Black "KUCHIBHATLA, NITYA:NityaForever"]
[Result "0-1"]
[ICCResult "White checkmated"]
[WhiteElo "176"]
[BlackElo "554"]
[Opening "Giuoco Piano"]
[ECO "C50"]
[NIC "IG.02"]
[Time "12:31:28"]
[PlyCount "60"]
[TimeControl "1500+5"]

1. e4 e5 2. Nf3 Nc6 3. Bc4 Bc5 4. O-O Nf6 5. Nc3 O-O 6. d3 d6 7. Bg5 h6 8.
Bh4 Be6 9. Qe2 a6 10. Rae1 Bg4 11. h3 Be6 12. Bg3 Nh5 13. Bh2 Nf6 14. Nh4
Nd4 15. Qd2 Nd7 16. Nf3 Nxf3+ 17. Kh1 Nxd2 18. Rg1 Bxf2 19. Ne2 Bxe1 20.
Rxe1 Nxc4 21. dxc4 Bxc4 22. Ng3 Qf6 23. Nf1 Bxf1 24. Rxf1 Qxf1+ 25. Bg1 f5
26. c3 fxe4 27. b4 e3 28. c4 e2 29. b5 e1=Q 30. Kh2 Qxg1# {White checkmated}
0-1

[Event "ICC tourney 2772 (25 5)"]
[Site "Internet Chess Club"]
[Date "2021.12.19"]
[Round "2"]
[White "YAN, RAYNA:K01-30157975"]
[Black "WONG, ZOE:MYMChessZoe"]
[Result "1-0"]
[ICCResult "Black checkmated"]
[WhiteElo "964"]
[BlackElo "693"]
[Opening "Two knights defense"]
[ECO "C58"]
[NIC "KP.01"]
[Time "12:31:35"]
[PlyCount "87"]
[TimeControl "1500+5"]

1. e4 e5 2. Nf3 Nc6 3. Bc4 Nf6 4. Ng5 d5 5. exd5 Na5 6. Bb5+ Bd7 7. Bxd7+
Qxd7 8. Nf3 Qxd5 9. Nc3 Qc5 10. O-O Bd6 11. Re1 O-O 12. a3 Rfe8 13. b4 Qb6
14. bxa5 Qxa5 15. Rb1 Rab8 16. Nb5 a6 17. Nxd6 cxd6 18. Bb2 h6 19. Bc3 Qxa3
20. Bb4 Qa4 21. Bxd6 Rbd8 22. Bxe5 Qc6 23. Bxf6 Rxe1+ 24. Qxe1 Qxf6 25. Rxb7
Qc6 26. Qe7 Rf8 27. Rc7 Qb6 28. h3 Qb1+ 29. Kh2 Qb8 30. Ne5 Qd8 31. Qxd8
Rxd8 32. d3 Rf8 33. c4 f6 34. Nd7 Rf7 35. c5 a5 36. c6 Re7 37. Rc8+ Kf7 38.
c7 Ke6 39. Rd8 Rxd7 40. c8=Q Ke5 41. Qxd7 Kf4 42. Qd4+ Kf5 43. Qe4+ Kg5 44.
Qg4# {Black checkmated} 1-0

[Event "ICC tourney 2772 (25 5)"]
[Site "Internet Chess Club"]
[Date "2021.12.19"]
[Round "2"]
[White "HANEGBY, OMRI:Melech14"]
[Black "PRAKASAN, NEDAS:Nedas15"]
[Result "1-0"]
[ICCResult "Black checkmated"]
[WhiteElo "498"]
[BlackElo "304"]
[Opening "Scotch: Schmidt variation"]
[ECO "C45"]
[NIC "SO.04"]
[Time "12:31:22"]
[PlyCount "45"]
[TimeControl "1500+5"]

1. e4 e5 2. Nf3 Nc6 3. d4 exd4 4. Nxd4 Nf6 5. Nxc6 bxc6 6. Nc3 Bb4 7. Bd2 d5
8. Bd3 O-O 9. O-O Bg4 10. f3 Bc5+ 11. Kh1 Bh5 12. e5 Nd7 13. Qe1 Re8 14. f4
Bd4 15. Be2 Bg6 16. f5 Bh5 17. Bxh5 Nxe5 18. Qg3 Qf6 19. Bg5 Qd6 20. f6 gxf6
21. Rxf6 Nd7 22. Bf4+ Kf8 23. Rxf7# {Black checkmated} 1-0

[Event "ICC tourney 2772 (25 5)"]
[Site "Internet Chess Club"]
[Date "2021.12.19"]
[Round "2"]
[White "LIN, ARIS:ArisL"]
[Black "CHU, LEON:Leonchu"]
[Result "0-1"]
[ICCResult "White checkmated"]
[WhiteElo "760"]
[BlackElo "353"]
[Opening "Queen's pawn: Chigorin variation"]
[ECO "D00"]
[NIC "QP.08"]
[Time "12:31:27"]
[PlyCount "138"]
[TimeControl "1500+5"]

1. d4 d5 2. Nc3 Nf6 3. Bf4 Bf5 4. f3 Nc6 5. g4 Bg6 6. h4 h6 7. e3 e6 8. Bd3
Bxd3 9. Qxd3 Bb4 10. O-O-O g5 11. Be5 gxh4 12. Rxh4 Nxe5 13. dxe5 Nd7 14.
Rh3 Nxe5 15. Qd4 Bxc3 16. Qxc3 Ng6 17. Ne2 Qe7 18. Nd4 O-O-O 19. Qa5 Kb8 20.
Rd3 e5 21. Nf5 Qg5 22. Rb3 a6 23. Ng3 h5 24. gxh5 Nf4 25. exf4 Qxf4+ 26. Kb1
e4 27. Ne2 Qf5 28. Rh2 exf3 29. Rf2 Qxh5 30. a3 fxe2 31. Re3 Qh1+ 32. Ka2
Rde8 33. Rexe2 Rxe2 34. Rxe2 Qf1 35. Rd2 Rd8 36. Rd4 f5 37. Qb4 Qb5 38. Qc3
c5 39. Rf4 d4 40. Qd2 c4 41. c3 Qb3+ 42. Kb1 Rh8 43. Rf1 d3 44. Qf4+ Ka8 45.
Qd2 f4 46. Qxf4 Qc2+ 47. Ka2 Qb3+ 48. Kb1 Qc2+ 49. Ka2 d2 50. Qf3 Rd8 51.
Rd1 Qc1 52. Qg4 Re8 53. Qg1 Re1 54. Rxc1 dxc1=Q 55. Qxe1 Qxe1 56. a4 b5 57.
axb5 axb5 58. Ka3 Qa1+ 59. Kb4 Qxb2+ 60. Kc5 Kb7 61. Kd4 Kc6 62. Ke3 Qxc3+
63. Ke2 Kd5 64. Kd1 b4 65. Ke2 b3 66. Kf2 b2 67. Ke2 b1=Q 68. Kf2 Qbb2+ 69.
Kf1 Qcc1# {White checkmated} 0-1

[Event "ICC tourney 2772 (25 5)"]
[Site "Internet Chess Club"]
[Date "2021.12.19"]
[Round "2"]
[White "SPANTZEL, HEIDI:Unblinking"]
[Black "LI, ELLA XINYI:ellaxy"]
[Result "0-1"]
[ICCResult "White forfeits on time"]
[WhiteElo "281"]
[BlackElo "752"]
[Opening "Ruy Lopez: old Steinitz defense"]
[ECO "C62"]
[NIC "RL.02"]
[Time "12:31:41"]
[PlyCount "98"]
[TimeControl "1500+5"]

1. e4 e5 2. Nf3 Nc6 3. Bb5 d6 4. Nc3 Bd7 5. O-O a6 6. Bxc6 Bxc6 7. d3 Nf6 8.
Qe2 Be7 9. Be3 O-O 10. Rae1 Ng4 11. h3 Nxe3 12. Qxe3 h6 13. d4 exd4 14. Nxd4
Bg5 15. Qg3 Bf6 16. Nf5 Bxc3 17. bxc3 Qf6 18. e5 Qxf5 19. exd6 cxd6 20. Qxd6
Qg5 21. Qg3 Qxg3 22. fxg3 Bb5 23. Rf4 Rfe8 24. Ree4 Rxe4 25. Rxe4 Bc6 26.
Rg4 Bd5 27. c4 Be6 28. Rd4 Rc8 29. Kh2 Rxc4 30. Rd2 Bf5 31. Rd8+ Kh7 32. g4
Bxc2 33. Rd7 Rf4 34. Rxb7 Be4 35. Ra7 Rf6 36. a4 g6 37. Re7 Bc6 38. a5 h5
39. gxh5 gxh5 40. Re5 Kg6 41. Rc5 Be4 42. Re5 Bd3 43. g4 hxg4 44. hxg4 Rf4
45. Kg3 Rf6 46. Re3 Bb5 47. Re5 Re6 48. Rd5 Re3+ 49. Kf4 Re6
{White forfeits on time}
0-1

[Event "ICC tourney 2772 (25 5)"]
[Site "Internet Chess Club"]
[Date "2021.12.19"]
[Round "3"]
[White "WONG OKYERE, DARWIN  CAIUS:spicycanvas"]
[Black "RIVERA TORRES, SANTIAGO:barcakidny"]
[Result "1-0"]
[ICCResult "Black checkmated"]
[WhiteElo "836"]
[BlackElo "246"]
[Opening "Queen's pawn: Chigorin variation"]
[ECO "D00"]
[NIC "QP.08"]
[Time "14:00:08"]
[PlyCount "35"]
[TimeControl "1500+5"]

1. d4 d5 2. Nc3 Nf6 3. Nf3 Nc6 4. Bf4 Nxd4 5. Nxd4 e5 6. Bxe5 Bc5 7. Nf3 O-O
8. e3 Bb4 9. Bd3 Bxc3+ 10. Bxc3 Ne4 11. O-O Nc5 12. h3 Re8 13. b4 Ne6 14.
Ne5 f6 15. Ng4 f5 16. Bxf5 Rf8 17. Qd3 g6 18. Nh6# {Black checkmated} 1-0

[Event "ICC tourney 2772 (25 5)"]
[Site "Internet Chess Club"]
[Date "2021.12.19"]
[Round "3"]
[White "KOGAN, JONATHAN:jkshark"]
[Black "LI, ELLA XINYI:ellaxy"]
[Result "1-0"]
[ICCResult "Black checkmated"]
[WhiteElo "519"]
[BlackElo "752"]
[Opening "King's pawn game"]
[ECO "C50"]
[NIC "IG.03"]
[Time "14:01:02"]
[PlyCount "49"]
[TimeControl "1500+5"]

1. e4 e5 2. Nf3 Nc6 3. Bc4 h6 4. O-O Nf6 5. Nc3 Bb4 6. d3 Bxc3 7. bxc3 O-O
8. Be3 Ng4 9. h3 Nxe3 10. fxe3 d6 11. d4 exd4 12. exd4 Ne7 13. Re1 a6 14. a4
Bd7 15. e5 dxe5 16. Nxe5 b5 17. axb5 Bxb5 18. Bxb5 axb5 19. Rxa8 Qxa8 20.
Nd7 Re8 21. Qg4 Qd5 22. Nf6+ Kf8 23. Nxd5 Ng6 24. Rxe8+ Kxe8 25. Qc8#
{Black checkmated}
1-0

[Event "ICC tourney 2772 (25 5)"]
[Site "Internet Chess Club"]
[Date "2021.12.19"]
[Round "3"]
[White "WONG, ZOE:MYMChessZoe"]
[Black "KARTHEISER, MATEO:MasterMateo15"]
[Result "1-0"]
[ICCResult "Black checkmated"]
[WhiteElo "693"]
[BlackElo "460"]
[Opening "Scotch game"]
[ECO "C45"]
[NIC "SO.05"]
[Time "14:00:31"]
[PlyCount "65"]
[TimeControl "1500+5"]

1. e4 e5 2. Nf3 Nc6 3. d4 exd4 4. Nxd4 Bc5 5. Be3 Nf6 6. Nc3 d5 7. Nxc6 bxc6
8. Bxc5 dxe4 9. Qxd8+ Kxd8 10. Bd4 Re8 11. O-O-O Bf5 12. Bxf6+ Kc8 13. Bxg7
Rg8 14. Ba6+ Kb8 15. Na4 f6 16. Bxf6 Bc8 17. Bxc8 Kxc8 18. Nc5 Rb8 19. Nxe4
Kb7 20. Nc5+ Kb6 21. Bd4 Rxg2 22. Nd7+ Kb5 23. Nxb8 Rg4 24. Bc3 Rg8 25. a4+
Kxa4 26. Rd4+ Kb5 27. Rb4+ Ka5 28. Rb7+ Ka4 29. Rxa7+ Kb5 30. Rb7+ Ka4 31.
b3+ Ka3 32. Bb2+ Ka2 33. Ra7# {Black checkmated} 1-0

[Event "ICC tourney 2772 (25 5)"]
[Site "Internet Chess Club"]
[Date "2021.12.19"]
[Round "3"]
[White "TUDORACHE, CRISTIAN DUMITRU:K03-17327536"]
[Black "LEE, PREM:PremL"]
[Result "1-0"]
[ICCResult "Black resigns"]
[WhiteElo "997"]
[BlackElo "675"]
[Opening "Sicilian"]
[ECO "B50"]
[NIC "SI.01"]
[Time "14:00:23"]
[PlyCount "53"]
[TimeControl "1500+5"]

1. e4 c5 2. Nf3 d6 3. Nc3 Nf6 4. Bc4 g6 5. d3 Bg7 6. Be3 Nc6 7. Qd2 O-O 8.
a3 Bg4 9. Qe2 Bxf3 10. Qxf3 Ne5 11. Qe2 a6 12. O-O b5 13. Bb3 b4 14. axb4
cxb4 15. Nd5 Nxd5 16. Bxd5 Rb8 17. Rxa6 Nd7 18. Raa1 Bxb2 19. Rab1 Bc3 20.
Bh6 Re8 21. f4 e6 22. Bb3 Nc5 23. g4 Qh4 24. Bg5 Bd4+ 25. Kg2 Nxe4 26. dxe4
Qxg4+ 27. Qxg4 {Black resigns} 1-0

[Event "ICC tourney 2772 (25 5)"]
[Site "Internet Chess Club"]
[Date "2021.12.19"]
[Round "3"]
[White "MUNTYANU, ARSENLY:Arsenmunt"]
[Black "MAZUR, HUDSON:hmnyc"]
[Result "0-1"]
[ICCResult "White checkmated"]
[WhiteElo "532"]
[BlackElo "752"]
[Opening "Queen's pawn game"]
[ECO "A50"]
[NIC "QP.07"]
[Time "14:00:21"]
[PlyCount "112"]
[TimeControl "1500+5"]

1. d4 Nf6 2. c4 c6 3. Nc3 d5 4. cxd5 cxd5 5. Bg5 e6 6. Bxf6 Qxf6 7. Nf3 Nc6
8. e4 dxe4 9. Nxe4 Qd8 10. Bb5 Bd6 11. Bxc6+ bxc6 12. Nxd6+ Qxd6 13. Qb3 O-O
14. Qa3 Qxa3 15. bxa3 Re8 16. O-O Ba6 17. Rfc1 Rac8 18. Ne5 Bb7 19. Rab1 Ba8
20. Kf1 f6 21. Nf3 e5 22. Rb4 exd4 23. Rxd4 Bb7 24. g3 c5 25. Rf4 c4 26. Kg2
g5 27. Rfxc4 Rxc4 28. Rxc4 f5 29. h3 h5 30. Rc7 Ba8 31. Rxa7 g4 32. hxg4
hxg4 33. Ra5 Bxf3+ 34. Kf1 Be2+ 35. Ke1 Bc4+ 36. Kd1 Bxa2 37. Rxf5 Bf7 38.
Rg5+ Kh8 39. Rxg4 Bh5 40. f3 Bxg4 41. fxg4 Ra8 42. Ke2 Rxa3 43. Kf2 Kg7 44.
Kg2 Kg6 45. Kf2 Kg5 46. Kg2 Kxg4 47. Kf2 Rxg3 48. Ke2 Kf4 49. Kf2 Re3 50.
Kg2 Rf3 51. Kh2 Kg4 52. Kg2 Kf4 53. Kh2 Rg3 54. Kh1 Kf3 55. Kh2 Kf2 56. Kh1
Rh3# {White checkmated} 0-1

[Event "ICC tourney 2772 (25 5)"]
[Site "Internet Chess Club"]
[Date "2021.12.19"]
[Round "3"]
[White "MILCHEVSKIY, TIMOTHY:TimothyPM"]
[Black "HANEGBY, OMRI:Melech14"]
[Result "1-0"]
[ICCResult "Black checkmated"]
[WhiteElo "714"]
[BlackElo "498"]
[Opening "KP: Lopez opening"]
[ECO "C20"]
[NIC "KP.10"]
[Time "14:00:14"]
[PlyCount "155"]
[TimeControl "1500+5"]

1. e4 e5 2. c3 Nf6 3. d4 exd4 4. e5 Nd5 5. cxd4 d6 6. Nf3 dxe5 7. dxe5 Nc6
8. Bc4 Nce7 9. Nc3 Nxc3 10. Qxd8+ Kxd8 11. bxc3 Be6 12. Bd3 Kd7 13. O-O Rd8
14. Rd1 Kc8 15. Ba3 f6 16. exf6 gxf6 17. Bc5 Nc6 18. Bxf8 Rhxf8 19. Bxh7 Rh8
20. Rxd8+ Rxd8 21. Re1 Bxa2 22. Bf5+ Kb8 23. h3 a6 24. Re6 Bxe6 25. Bxe6 Re8
26. Bd7 Rd8 27. Bxc6 bxc6 28. Nd4 Kb7 29. Ne6 Rd1+ 30. Kh2 Re1 31. Nc5+ Kb6
32. Na4+ Kb5 33. Nb2 Rc1 34. c4+ Ka5 35. Kg3 Rc3+ 36. Kf4 Rb3 37. Nd1 Rb4
38. Ne3 c5 39. Kf5 Rb2 40. f4 Re2 41. Nd5 c6 42. Nxf6 Rxg2 43. Nd7 Kb4 44.
Nb6 Rh2 45. Kg4 Rb2 46. f5 Ka5 47. Nd7 Re2 48. Nxc5 Kb4 49. Nxa6+ Kxc4 50.
f6 Re5 51. Kf4 Ra5 52. Nb8 Ra1 53. Nd7 Rf1+ 54. Ke4 Re1+ 55. Kf5 Kd4 56. f7
Rf1+ 57. Ke6 Re1+ 58. Kd6 Rf1 59. f8=Q Rxf8 60. Nxf8 c5 61. Ne6+ Kc4 62.
Nxc5 Kd4 63. h4 Ke3 64. h5 Kf4 65. h6 Kg5 66. h7 Kg6 67. h8=Q Kf5 68. Qe8
Kg4 69. Qf7 Kg5 70. Ke5 Kh4 71. Qg6 Kh3 72. Qg5 Kh2 73. Qg4 Kh1 74. Ne4 Kh2
75. Kf4 Kh1 76. Kf3 Kh2 77. Qg3+ Kh1 78. Nf2# {Black checkmated} 1-0